Predators vs Wild

Created - Monday, November 09, 2015 at 02:55

Goals
1 2 3 T
Predators 2 5 0 7
Wild 0 1 0 1
Shots
1 2 3 T
Predators 11 13 11 35
Wild 5 9 13 27

1st period

1. Predators , Radim Vrbata 5 (Evander Kane, Tomas Plekanec) at 13:27 (PP)
2. Predators , Dylan Olsen 1 (Radim Vrbata, Valtteri Filppula) at 18:56

Penalties :
Cody McCormick (Min) for Holding Stick (Minor) at 0:38, Evander Kane (Nsh) for Hooking (Minor) at 7:01, Bryce Salvador (Min) for Unsportsmanlike conduct (Minor) at 13:07, Tomas Hertl (Nsh) for Tripping (Minor) at 16:07

2nd period

3. Predators , Valtteri Filppula 3 (Patrick Maroon) at 3:24
4. Predators , Cody Eakin 2 (Andrew Cogliano, Patrice Bergeron) at 3:52
5. Wild , Mark Streit 3 (Chris Kunitz) at 14:36 (SH)
6. Predators , Radim Vrbata 6 (Evander Kane) at 16:31 (PP)
7. Predators , Roman Josi 4 (Evander Kane, Radim Vrbata) at 18:30 (PP)
8. Predators , Evander Kane 4 (Radim Vrbata, Valtteri Filppula) at 19:32

Penalties :
Nick Schultz (Nsh) for Tripping (Minor) at 8:34, Luke Schenn (Min) for Holding (Minor) at 13:29, Marek Zidlicky (Min) for Interference (Minor) at 15:14, Tuomo Ruutu (Min) for Slashing (Minor) at 18:08

3rd period

No Goal

Penalties :
Cody McCormick (Min) for Hooking (Minor) at 4:13, Roman Josi (Nsh) for Tripping (Minor) at 7:20, Jonathan Ericsson (Min) for Hooking (Minor) at 14:45, Patrick Maroon (Nsh) for Hooking (Minor) at 19:24, Chris Kunitz (Min) for Hooking (Minor) at 19:35

Goalie Stats

Jimmy Howard (Nsh), 26 saves from 27 shots - (0.963), W, 6-6-0, 60:00 minutes
Niklas Backstrom (Min), 12 saves from 16 shots - (0.750), L, 0-1-1, 23:52 minutes
Ryan Miller (Min), 16 saves from 19 shots - (0.842), 36:08 minutes

Players Stats for Predators

Player Name              G  A  P  +/- PIM S  H  SB GA TA FO     MP     PP MP  PK MP  
------------------------------------------------------------------------------------
Andrew Cogliano          0  1  1   1  0   1  0  2  1  1  0/0    17:19   0:00   3:56 
Cal Clutterbuck          0  0  0   0  0   0  2  0  0  0  0/2    15:06   0:00   4:14 
Cody Eakin               1  0  1   1  0   2  0  0  0  0  4/6    18:13   0:00   4:59 
Dan Boyle                0  0  0   1  0   1  1  1  0  0  0/0    18:29   6:25   0:00 
Dennis Seidenberg        0  0  0   2  0   3  2  2  0  1  0/0    20:53   3:16   3:47 
Dylan Olsen              1  0  1   2  0   3  2  0  0  0  0/0    13:31   0:00   2:19 
Eric Fehr                0  0  0   0  0   0  0  0  1  0  0/0    12:11   3:55   0:00 
Evander Kane             1  3  4   2  2   4  0  0  4  1  1/2    16:20   5:46   0:00 
Nick Schultz             0  0  0   0  2   2  0  0  0  0  0/0    16:06   0:00   3:21 
Patrice Bergeron         0  1  1   0  0   2  3  0  4  0  7/15   18:34   3:55   0:00 
Patrick Maroon           0  1  1   1  2   1  2  0  1  0  0/0     8:04   0:34   0:00 
Radim Vrbata             2  3  5   2  0   4  1  0  3  0  0/1    15:42   5:46   0:00 
Roman Josi               1  0  1  -1  2   5  0  0  0  2  0/0    27:39   6:25   3:00 
Tomas Hertl              0  0  0   0  2   1  1  0  3  0  0/0    10:14   0:00   0:00 
Tomas Plekanec           0  1  1   0  0   1  2  0  1  0  11/19  19:18   5:46   3:05 
Trevor Daley             0  0  0   2  0   1  1  3  0  0  0/0    24:01   3:16   3:47 
Valtteri Filppula        1  2  3   2  0   4  1  2  2  0  6/9    19:44   3:21   0:00 
Victor Bartley           0  0  0   0  0   0  0  0  0  0  0/0     0:00   0:00   0:00 

Players Stats for Wild

Player Name              G  A  P  +/- PIM S  H  SB GA TA FO     MP     PP MP  PK MP  
------------------------------------------------------------------------------------
Brad Marchand            0  0  0   0  0   6  4  0  2  1  0/1    17:30   3:31   1:48 
Bryce Salvador           0  0  0   0  2   1  0  0  0  2  0/0    17:20   0:00   3:29 
Chris Kunitz             0  1  1  -3  2   3  1  1  1  0  0/1    21:04   4:35   6:59 
Cody Franson             0  0  0  -2  0   2  1  5  0  1  0/0    23:43   4:00   6:12 
Cody McCormick           0  0  0  -3  4   0  2  0  0  0  5/9    19:55   4:36   4:43 
Dale Weise               0  0  0   0  0   0  0  0  1  0  0/0     9:17   0:00   0:00 
Derek Stepan             0  0  0   0  0   1  1  0  0  0  7/12   11:42   0:00   0:00 
Jonathan Ericsson        0  0  0  -1  2   2  2  1  0  0  0/0    19:03   4:07   0:00 
Jordan Eberle            0  0  0   0  0   0  4  0  2  1  0/0    10:42   0:00   0:00 
Luke Schenn              0  0  0  -4  2   1  0  3  0  2  0/0    22:18   3:31   5:29 
Marcus Johansson         0  0  0  -4  0   1  0  1  2  1  7/21   17:01   4:36   2:58 
Marek Zidlicky           0  0  0   0  2   2  2  0  0  0  0/0    14:36   0:00   0:37 
Mark Streit              1  0  1   1  0   1  0  1  0  0  0/0    23:04   4:36   3:34 
Mason Raymond            0  0  0   0  0   2  1  0  1  0  0/0    14:33   3:31   0:00 
Max Talbot               0  0  0   0  0   1  1  1  0  0  3/4    12:41   0:00   2:40 
Patrik Elias             0  0  0   0  0   1  0  2  0  1  3/6    14:33   3:31   0:00 
Thomas Vanek             0  0  0   0  0   1  0  0  2  0  0/0    11:15   0:00   0:00 
Tuomo Ruutu              0  0  0   0  2   2  3  0  1  0  0/0     9:16   0:00   0:00 

3 Stars

1 - Radim Vrbata (Nsh)
2 - Valtteri Filppula (Nsh)
3 - Evander Kane (Nsh)

Power Play

Predators - 3 on 8 Attempt(s) - 37.50%
Wild - 0 on 5 Attempt(s) - 0.00%

Penalty Kill

Predators - 5 on 5 Attempt(s) - 100.00% - Score 0 goal in Penalty Kill
Wild - 5 on 8 Attempt(s) - 62.50% - Score 1 goal in Penalty Kill

Team Stat

Predators - Hits : 18 - Faceoff Wins : 29 - Blocked Shots : 10 - Penalty Minutes : 10
Wild - Hits : 22 - Faceoff Wins : 25 - Blocked Shots : 15 - Penalty Minutes : 16

Official

Referees : Unknown
Linesman : Unknown

Game Notes

Ryan Miller enters game at 3:52 of 2nd period

Finance

Level 1 -- Attendance: 4526 (75.43%) -- Ticket Income $452,600
Level 2 -- Attendance: 3999 (79.98%) -- Ticket Income $239,940
Level 3 -- Attendance: 1522 (76.10%) -- Ticket Income $53,270
Level 4 -- Attendance: 2747 (68.68%) -- Ticket Income $54,940
Luxury Box -- Attendance: 743 (74.30%) -- Ticket Income $148,600
Game was played at the Xcel Energy Center.
Total Attendance: 13537 (75.21%)
Total Ticket Income: $949,350
Other Income: $465,182
Total Income: $1,414,532

Predators

5 vs 5 Forward 
   Center                   Left Wing                Right Wing               Time % Phy DF OF 
 1 Patrice Bergeron         Cody Eakin               Andrew Cogliano          29     0   3  2  
 2 Valtteri Filppula        Evander Kane             Radim Vrbata             29     0   1  4  
 3 Tomas Plekanec           Tomas Hertl              Cal Clutterbuck          22     0   3  2  
 4 Valtteri Filppula        Patrick Maroon           Eric Fehr                20     0   2  3  

5 vs 5 Defense 
   Defense                  Defense                                           Time % Phy DF OF 
 1 Nick Schultz             Roman Josi                                        28     0   3  2  
 2 Trevor Daley             Dylan Olsen                                       26     0   4  1  
 3 Dennis Seidenberg        Dan Boyle                                         25     0   4  1  
 4 Roman Josi               Trevor Daley                                      21     0   3  2  

PowerPlay Forward 
   Center                   Left Wing                Right Wing               Time % Phy DF OF 
 1 Tomas Plekanec           Evander Kane             Radim Vrbata             60     0   1  4  
 2 Patrice Bergeron         Valtteri Filppula        Eric Fehr                40     0   2  3  

PowerPlay Defense
   Defense                  Defense                                           Time % Phy DF OF 
 1 Dan Boyle                Roman Josi                                        67     0   1  4  
 2 Dennis Seidenberg        Trevor Daley                                      33     0   2  3  

Penalty Kill 4 Players Forward 
   Center                   Wing                     Time % Phy DF OF 
 1 Tomas Plekanec           Andrew Cogliano          50     0   3  2  
 2 Cody Eakin               Cal Clutterbuck          50     0   4  1  

Penalty Kill 4 Players Defense
   Defense                  Defense                  Time % Phy DF OF 
 1 Nick Schultz             Roman Josi               50     0   4  1  
 2 Trevor Daley             Dennis Seidenberg        50     0   4  1  

Penalty Kill - 3 Players Forward 
   Forward                                           Time % Phy DF OF 
 1 Cody Eakin                                        50     0   4  1  
 2 Andrew Cogliano                                   50     0   4  1  

Penalty Kill - 3 Players Defense
   Defense                  Defense                  Time % Phy DF OF 
 1 Nick Schultz             Dennis Seidenberg        50     0   5  0  
 2 Trevor Daley             Dylan Olsen              50     0   5  0  

4 vs 4 Forward 
   Center                   Wing                     Time % Phy DF OF 
 1 Patrice Bergeron         Cody Eakin               50     0   2  3  
 2 Valtteri Filppula        Radim Vrbata             50     0   1  4  

4 vs 4 Defense
   Defense                  Defense                  Time % Phy DF OF 
 1 Roman Josi               Dennis Seidenberg        60     0   3  2  
 2 Trevor Daley             Nick Schultz             40     0   4  1  

Last Minutes Offensive
   Center                   Left Wing                Right Wing               Defense                  Defense                  
   Patrice Bergeron         Valtteri Filppula        Radim Vrbata             Roman Josi               Trevor Daley             

Last Minutes Defensive
   Center                   Left Wing                Right Wing               Defense                  Defense                  
   Tomas Plekanec           Evander Kane             Andrew Cogliano          Roman Josi               Dennis Seidenberg        

Goaltenders
Starting : Jimmy Howard             
Backup : Kari Lehtonen            

Extra Forwards
Normal : Patrice Bergeron, Tomas Plekanec, Cody Eakin - PP : Eric Fehr, Patrick Maroon - PK : Evander Kane
Extra Defensemen
Normal : Roman Josi, Trevor Daley, Dennis Seidenberg - PP : Roman Josi - PK : Nick Schultz, Dylan Olsen
Penalty Shots
Patrice Bergeron, Radim Vrbata, Eric Fehr, Roman Josi, Tomas Plekanec

Wild

5 vs 5 Forward 
   Center                   Left Wing                Right Wing               Time % Phy DF OF 
 1 Marcus Johansson         Chris Kunitz             Cody McCormick           35     1   2  2  
 2 Derek Stepan             Brad Marchand            Thomas Vanek             30     1   2  2  
 3 Patrik Elias             Mason Raymond            Jordan Eberle            22     1   2  2  
 4 Max Talbot               Tuomo Ruutu              Dale Weise               13     1   2  2  

5 vs 5 Defense 
   Defense                  Defense                                           Time % Phy DF OF 
 1 Cody Franson             Luke Schenn                                       35     1   2  2  
 2 Mark Streit              Bryce Salvador                                    30     1   2  2  
 3 Jonathan Ericsson        Marek Zidlicky                                    22     1   2  2  
 4 Cody Franson             Luke Schenn                                       13     1   2  2  

PowerPlay Forward 
   Center                   Left Wing                Right Wing               Time % Phy DF OF 
 1 Marcus Johansson         Chris Kunitz             Cody McCormick           60     1   2  2  
 2 Patrik Elias             Brad Marchand            Mason Raymond            40     1   2  2  

PowerPlay Defense
   Defense                  Defense                                           Time % Phy DF OF 
 1 Cody Franson             Mark Streit                                       60     1   2  2  
 2 Luke Schenn              Jonathan Ericsson                                 40     1   2  2  

Penalty Kill 4 Players Forward 
   Center                   Wing                     Time % Phy DF OF 
 1 Cody McCormick           Chris Kunitz             60     1   2  2  
 2 Max Talbot               Brad Marchand            40     1   2  2  

Penalty Kill 4 Players Defense
   Defense                  Defense                  Time % Phy DF OF 
 1 Bryce Salvador           Mark Streit              60     1   2  2  
 2 Luke Schenn              Cody Franson             40     1   2  2  

Penalty Kill - 3 Players Forward 
   Forward                                           Time % Phy DF OF 
 1 Cody McCormick                                    60     1   2  2  
 2 Chris Kunitz                                      40     1   2  2  

Penalty Kill - 3 Players Defense
   Defense                  Defense                  Time % Phy DF OF 
 1 Bryce Salvador           Mark Streit              60     1   2  2  
 2 Luke Schenn              Cody Franson             40     1   2  2  

4 vs 4 Forward 
   Center                   Wing                     Time % Phy DF OF 
 1 Cody McCormick           Chris Kunitz             60     1   2  2  
 2 Marcus Johansson         Brad Marchand            40     1   2  2  

4 vs 4 Defense
   Defense                  Defense                  Time % Phy DF OF 
 1 Cody Franson             Mark Streit              60     1   2  2  
 2 Luke Schenn              Jonathan Ericsson        40     1   2  2  

Last Minutes Offensive
   Center                   Left Wing                Right Wing               Defense                  Defense                  
   Marcus Johansson         Chris Kunitz             Jordan Eberle            Cody Franson             Mark Streit              

Last Minutes Defensive
   Center                   Left Wing                Right Wing               Defense                  Defense                  
   Cody McCormick           Patrik Elias             Max Talbot               Bryce Salvador           Luke Schenn              

Goaltenders
Starting : Niklas Backstrom         
Backup : Ryan Miller              

Extra Forwards
Normal : Derek Stepan, Max Talbot, Chris Kunitz - PP : Jordan Eberle, Max Talbot - PK : Marcus Johansson
Extra Defensemen
Normal : Cody Franson, Jonathan Ericsson, Luke Schenn - PP : Jonathan Ericsson - PK : Marek Zidlicky, Luke Schenn
Penalty Shots
Jordan Eberle, Chris Kunitz, Max Talbot, Brad Marchand, Cody McCormick

% Time on Ice - Predators

Lines # - Real PCT - Wanted PCT - Time Play
Normal Forward
1 - 30% - 29% - 12:44
2 - 29% - 29% - 12:00
3 - 24% - 22% - 10:04
4 - 17% - 20% - 7:00
Normal Defense
1 - 31% - 28% - 12:57
2 - 29% - 26% - 12:04
3 - 28% - 25% - 11:53
4 - 12% - 21% - 4:54
PP Forward
1 - 60% - 60% - 5:46
2 - 40% - 40% - 3:55
PP Defense
1 - 66% - 67% - 6:25
2 - 34% - 33% - 3:16
PK Forward
1 - 48% - 50% - 3:53
2 - 52% - 50% - 4:14
PK Defense
1 - 53% - 50% - 4:20
2 - 47% - 50% - 3:47
PK3 Forward
1 - 0% - 50%
2 - 0% - 50%
PK3 Defense
1 - 0% - 50%
2 - 0% - 50%
44 Forward
1 - 100% - 50% - 0:24
2 - 0% - 50% - 0:00
44 Defense
1 - 100% - 60% - 0:24
2 - 0% - 40% - 0:00
Last Minute Offensive  - 0:00
Last Minute Defensive  - 0:00
Total
Forward - 60:00
Defense - 60:00

% Time on Ice - Wild

Lines # - Real PCT - Wanted PCT - Time Play
Normal Forward
1 - 24% - 35% - 10:14
2 - 28% - 30% - 11:35
3 - 26% - 22% - 10:42
4 - 22% - 13% - 9:17
Normal Defense
1 - 28% - 35% - 11:33
2 - 37% - 30% - 15:22
3 - 33% - 22% - 13:59
4 - 2% - 13% - 0:54
PP Forward
1 - 57% - 60% - 4:36
2 - 43% - 40% - 3:31
PP Defense
1 - 57% - 60% - 4:36
2 - 43% - 40% - 3:31
PK Forward
1 - 87% - 60% - 8:13
2 - 13% - 40% - 1:14
PK Defense
1 - 34% - 60% - 3:15
2 - 66% - 40% - 6:12
PK3 Forward
1 - 100% - 60% - 0:14
2 - 0% - 40% - 0:00
PK3 Defense
1 - 100% - 60% - 0:14
2 - 0% - 40% - 0:00
44 Forward
1 - 100% - 60% - 0:24
2 - 0% - 40% - 0:00
44 Defense
1 - 100% - 60% - 0:24
2 - 0% - 40% - 0:00
Last Minute Offensive  - 0:00
Last Minute Defensive  - 0:00
Total
Forward - 60:00
Defense - 60:00

Play by Play

1st period


0:01 of 1st period - Patrice Bergeron wins face-off versus Marcus Johansson in neutral zone.
0:12 of 1st period - Snap shot by Roman Josi.
0:12 of 1st period - Shot Blocked by Luke Schenn.
0:14 of 1st period - Slapshot by Nick Schultz.
0:14 of 1st period - Stopped by Niklas Backstrom with a rebound.
0:28 of 1st period - Patrice Bergeron is hit by Cody Franson and loses puck.
0:38 of 1st period - Minor Penalty to Cody McCormick for Holding Stick.
0:39 of 1st period - Marcus Johansson wins face-off versus Radim Vrbata in Wild zone.
1:11 of 1st period - Icing by Roman Josi.
1:12 of 1st period - Max Talbot wins face-off versus Tomas Plekanec in Predators zone.
1:15 of 1st period - Snap shot by Brad Marchand.
1:15 of 1st period - Stopped by Jimmy Howard with a rebound.
1:35 of 1st period - Wrist shot by Valtteri Filppula.
1:35 of 1st period - Shot Misses the Net.
2:27 of 1st period - Max Talbot is hit by Dennis Seidenberg and loses puck.
2:38 of 1st period - Penalty to Cody McCormick is over, Cody McCormick is back on ice.
3:23 of 1st period - Slapshot by Roman Josi.
3:23 of 1st period - Stopped by Niklas Backstrom with a rebound.
4:19 of 1st period - Trevor Daley is hit by Marek Zidlicky and loses puck.
4:30 of 1st period - Slapshot by Tomas Hertl.
4:30 of 1st period - Shot Misses the Net.
4:32 of 1st period - Slapshot by Dennis Seidenberg.
4:32 of 1st period - Stopped by Niklas Backstrom without a rebound.
4:33 of 1st period - Tomas Plekanec wins face-off versus Derek Stepan in Wild zone.
5:32 of 1st period - Snap shot by Tuomo Ruutu.
5:32 of 1st period - Stopped by Jimmy Howard with a rebound.
5:34 of 1st period - Snap shot by Cody Franson.
5:34 of 1st period - Stopped by Jimmy Howard with a rebound.
5:36 of 1st period - Snap shot by Max Talbot.
5:36 of 1st period - Shot Misses the Net.
5:56 of 1st period - Wrist shot by Tuomo Ruutu.
5:56 of 1st period - Shot Misses the Net.
5:58 of 1st period - Wrist shot by Luke Schenn.
5:58 of 1st period - Shot Misses the Net.
7:01 of 1st period - Minor Penalty to Evander Kane for Hooking.
7:02 of 1st period - Cody Eakin wins face-off versus Marcus Johansson in Predators zone.
7:46 of 1st period - Wrist shot by Patrik Elias.
7:46 of 1st period - Shot Misses the Net.
7:48 of 1st period - Slapshot by Jonathan Ericsson.
7:48 of 1st period - Shot Misses the Net.
7:50 of 1st period - Slapshot by Jonathan Ericsson.
7:50 of 1st period - Stopped by Jimmy Howard with a rebound.
7:52 of 1st period - Slapshot by Luke Schenn.
7:52 of 1st period - Shot Hit the Post.
7:54 of 1st period - Snap shot by Luke Schenn.
7:54 of 1st period - Stopped by Jimmy Howard without a rebound.
7:55 of 1st period - Tomas Plekanec wins face-off versus Brad Marchand in Predators zone.
8:25 of 1st period - Jonathan Ericsson is hit by Tomas Plekanec and loses puck.
9:01 of 1st period - Penalty to Evander Kane is over, Evander Kane is back on ice.
9:08 of 1st period - Dennis Seidenberg is hit by Mason Raymond and loses puck.
9:27 of 1st period - Cal Clutterbuck is hit by Tuomo Ruutu and loses puck.
10:17 of 1st period - Trevor Daley is hit by Derek Stepan and loses puck.
11:03 of 1st period - Patrice Bergeron is hit by Jordan Eberle and loses puck.
11:27 of 1st period - Evander Kane is hit by Brad Marchand and loses puck.
11:42 of 1st period - Patrice Bergeron is hit by Tuomo Ruutu and loses puck.
12:31 of 1st period - Luke Schenn is hit by Patrice Bergeron and loses puck.
12:40 of 1st period - Snap shot by Marcus Johansson.
12:40 of 1st period - Shot Blocked by Andrew Cogliano.
13:07 of 1st period - Minor Penalty to Bryce Salvador for Unsportsmanlike conduct.
13:08 of 1st period - Tomas Plekanec wins face-off versus Cody McCormick in Wild zone.
13:27 of 1st period - Snap shot by Radim Vrbata.
13:27 of 1st period - Goal by Radim Vrbata - Predators : 1 - Wild : 0.
13:28 of 1st period - Valtteri Filppula wins face-off versus Derek Stepan in neutral zone.
13:45 of 1st period - Wrist shot by Valtteri Filppula.
13:45 of 1st period - Shot Misses the Net.
13:47 of 1st period - Slapshot by Valtteri Filppula.
13:47 of 1st period - Deflect By Eric Fehr.
13:47 of 1st period - Shot Misses the Net.
13:47 of 1st period - Puck is out of play.
13:48 of 1st period - Valtteri Filppula wins face-off versus Derek Stepan in Wild zone.
13:57 of 1st period - Snap shot by Patrick Maroon.
13:57 of 1st period - Shot Misses the Net.
13:59 of 1st period - Slapshot by Dylan Olsen.
13:59 of 1st period - Deflect By Valtteri Filppula.
13:59 of 1st period - Shot Misses the Net.
13:59 of 1st period - Puck is out of play.
14:00 of 1st period - Marcus Johansson wins face-off versus Patrice Bergeron in Wild zone.
14:25 of 1st period - Snap shot by Chris Kunitz.
14:25 of 1st period - Shot Misses the Net.
15:46 of 1st period - Trevor Daley is hit by Marek Zidlicky and loses puck.
15:59 of 1st period - Thomas Vanek is hit by Cal Clutterbuck and loses puck.
16:07 of 1st period - Minor Penalty to Tomas Hertl for Tripping.
16:08 of 1st period - Marcus Johansson wins face-off versus Cody Eakin in Predators zone.
16:19 of 1st period - Snap shot by Cody Eakin.
16:19 of 1st period - Shot Hit the Post.
16:21 of 1st period - Slapshot by Roman Josi.
16:21 of 1st period - Stopped by Niklas Backstrom with a rebound.
16:26 of 1st period - Off-side.
16:27 of 1st period - Cody Eakin wins face-off versus Marcus Johansson in neutral zone.
16:53 of 1st period - Off-side.
16:54 of 1st period - Tomas Plekanec wins face-off versus Patrik Elias in neutral zone.
17:13 of 1st period - Dennis Seidenberg is hit by Jonathan Ericsson and loses puck.
17:28 of 1st period - Dennis Seidenberg is hit by Brad Marchand and loses puck.
17:41 of 1st period - Luke Schenn is hit by Tomas Plekanec and loses puck.
18:07 of 1st period - Penalty to Tomas Hertl is over, Tomas Hertl is back on ice.
18:14 of 1st period - Snap shot by Tomas Hertl.
18:14 of 1st period - Shot Misses the Net.
18:42 of 1st period - Snap shot by Radim Vrbata.
18:42 of 1st period - Stopped by Niklas Backstrom with a rebound.
18:44 of 1st period - Slapshot by Trevor Daley.
18:44 of 1st period - Deflect By Luke Schenn.
18:44 of 1st period - Stopped by Niklas Backstrom with a rebound.
18:50 of 1st period - Wrist shot by Valtteri Filppula.
18:50 of 1st period - Stopped by Niklas Backstrom with a rebound.
18:52 of 1st period - Wrist shot by Trevor Daley.
18:52 of 1st period - Deflect By Valtteri Filppula.
18:52 of 1st period - Stopped by Niklas Backstrom with a rebound.
18:54 of 1st period - Slapshot by Radim Vrbata.
18:54 of 1st period - Shot Misses the Net.
18:56 of 1st period - Slapshot by Dylan Olsen.
18:56 of 1st period - Goal by Dylan Olsen - Predators : 2 - Wild : 0.
18:57 of 1st period - Patrice Bergeron wins face-off versus Derek Stepan in neutral zone.
19:00 of 1st period - Snap shot by Cody Eakin.
19:00 of 1st period - Deflect By Patrice Bergeron.
19:00 of 1st period - Stopped by Niklas Backstrom without a rebound.
19:01 of 1st period - Derek Stepan wins face-off versus Patrice Bergeron in Wild zone.
19:08 of 1st period - Snap shot by Brad Marchand.
19:08 of 1st period - Shot Misses the Net.
19:53 of 1st period - Luke Schenn is hit by Patrick Maroon and loses puck.
Goals for this period are 2 for Predators vs 0 for Wild.
Shots for this period are 11 for Predators vs 5 for Wild.

2nd period


0:01 of 2nd period - Patrice Bergeron wins face-off versus Marcus Johansson in neutral zone.
0:54 of 2nd period - Snap shot by Brad Marchand.
0:54 of 2nd period - Stopped by Jimmy Howard with a rebound.
0:56 of 2nd period - Snap shot by Brad Marchand.
0:56 of 2nd period - Shot Misses the Net.
0:58 of 2nd period - Snap shot by Thomas Vanek.
0:58 of 2nd period - Stopped by Jimmy Howard with a rebound.
1:00 of 2nd period - Slapshot by Mark Streit.
1:00 of 2nd period - Shot Misses the Net.
1:47 of 2nd period - Valtteri Filppula is hit by Jordan Eberle and loses puck.
1:54 of 2nd period - Wrist shot by Patrik Elias.
1:54 of 2nd period - Shot Misses the Net.
1:56 of 2nd period - Wrist shot by Mason Raymond.
1:56 of 2nd period - Stopped by Jimmy Howard with a rebound.
2:27 of 2nd period - Icing by Jonathan Ericsson.
2:28 of 2nd period - Max Talbot wins face-off versus Cal Clutterbuck in Wild zone.
2:33 of 2nd period - Trevor Daley is hit by Tuomo Ruutu.
2:55 of 2nd period - Slapshot by Roman Josi.
2:55 of 2nd period - Shot Misses the Net.
2:57 of 2nd period - Slapshot by Roman Josi.
2:57 of 2nd period - Shot Misses the Net.
3:14 of 2nd period - Wrist shot by Valtteri Filppula.
3:14 of 2nd period - Shot Blocked by Max Talbot.
3:16 of 2nd period - Slapshot by Nick Schultz.
3:16 of 2nd period - Stopped by Niklas Backstrom with a rebound.
3:18 of 2nd period - Slapshot by Nick Schultz.
3:18 of 2nd period - Shot Blocked by Jonathan Ericsson.
3:20 of 2nd period - Wrist shot by Valtteri Filppula.
3:20 of 2nd period - Deflect By Patrick Maroon.
3:20 of 2nd period - Stopped by Niklas Backstrom without a rebound.
3:21 of 2nd period - Valtteri Filppula wins face-off versus Marcus Johansson in Wild zone.
3:24 of 2nd period - Wrist shot by Valtteri Filppula.
3:24 of 2nd period - Goal by Valtteri Filppula - Predators : 3 - Wild : 0.
3:25 of 2nd period - Patrice Bergeron wins face-off versus Marcus Johansson in neutral zone.
3:42 of 2nd period - Snap shot by Patrice Bergeron.
3:42 of 2nd period - Shot Blocked by Marcus Johansson.
3:44 of 2nd period - Snap shot by Cody Eakin.
3:44 of 2nd period - Shot Blocked by Cody Franson.
3:50 of 2nd period - Wrist shot by Andrew Cogliano.
3:50 of 2nd period - Stopped by Niklas Backstrom with a rebound.
3:52 of 2nd period - Wrist shot by Cody Eakin.
3:52 of 2nd period - Goal by Cody Eakin - Predators : 4 - Wild : 0.
3:52 of 2nd period - Ryan Miller enters game.
3:53 of 2nd period - Derek Stepan wins face-off versus Valtteri Filppula in neutral zone.
4:09 of 2nd period - Wrist shot by Valtteri Filppula.
4:09 of 2nd period - Shot Misses the Net.
4:51 of 2nd period - Bryce Salvador is hit by Patrice Bergeron and loses puck.
5:52 of 2nd period - Marcus Johansson is hit by Cal Clutterbuck and loses puck.
6:27 of 2nd period - Marek Zidlicky is hit by Dylan Olsen and loses puck.
7:52 of 2nd period - Snap shot by Chris Kunitz.
7:52 of 2nd period - Shot Misses the Net.
8:02 of 2nd period - Snap shot by Chris Kunitz.
8:02 of 2nd period - Stopped by Jimmy Howard without a rebound.
8:03 of 2nd period - Tomas Plekanec wins face-off versus Patrik Elias in Predators zone.
8:24 of 2nd period - Slapshot by Mark Streit.
8:24 of 2nd period - Shot Misses the Net.
8:34 of 2nd period - Minor Penalty to Nick Schultz for Tripping.
8:35 of 2nd period - Marcus Johansson wins face-off versus Cal Clutterbuck in Predators zone.
9:38 of 2nd period - Dennis Seidenberg is hit by Brad Marchand and loses puck.
10:23 of 2nd period - Snap shot by Mason Raymond.
10:23 of 2nd period - Stopped by Jimmy Howard without a rebound.
10:24 of 2nd period - Patrik Elias wins face-off versus Tomas Plekanec in Predators zone.
10:34 of 2nd period - Penalty to Nick Schultz is over, Nick Schultz is back on ice.
10:39 of 2nd period - Slapshot by Chris Kunitz.
10:39 of 2nd period - Shot Misses the Net.
12:49 of 2nd period - Trevor Daley is hit by Jonathan Ericsson and loses puck.
12:56 of 2nd period - Dale Weise is hit by Dylan Olsen and loses puck.
13:29 of 2nd period - Minor Penalty to Luke Schenn for Holding.
13:30 of 2nd period - Tomas Plekanec wins face-off versus Cody McCormick in Wild zone.
13:39 of 2nd period - Wrist shot by Radim Vrbata.
13:39 of 2nd period - Shot Misses the Net.
13:41 of 2nd period - Slapshot by Dan Boyle.
13:41 of 2nd period - Stopped by Ryan Miller without a rebound.
13:42 of 2nd period - Tomas Plekanec wins face-off versus Chris Kunitz in Wild zone.
13:55 of 2nd period - Snap shot by Evander Kane.
13:55 of 2nd period - Shot Blocked by Mark Streit.
14:32 of 2nd period - Slapshot by Mark Streit.
14:32 of 2nd period - Shot Misses the Net.
14:36 of 2nd period - Slapshot by Mark Streit.
14:36 of 2nd period - Deflect By Valtteri Filppula.
14:36 of 2nd period - Goal by Mark Streit - Predators : 4 - Wild : 1.
14:37 of 2nd period - Tomas Plekanec wins face-off versus Cody McCormick in neutral zone.
14:40 of 2nd period - Wrist shot by Evander Kane.
14:40 of 2nd period - Stopped by Ryan Miller without a rebound.
14:41 of 2nd period - Cody McCormick wins face-off versus Tomas Plekanec in Wild zone.
15:14 of 2nd period - Minor Penalty to Marek Zidlicky for Interference.
15:15 of 2nd period - Cody McCormick wins face-off versus Patrice Bergeron in Wild zone.
15:29 of 2nd period - Penalty to Luke Schenn is over, Luke Schenn is back on ice.
15:46 of 2nd period - Icing by Roman Josi.
15:47 of 2nd period - Cody McCormick wins face-off versus Patrice Bergeron in Predators zone.
15:58 of 2nd period - Snap shot by Patrice Bergeron.
15:58 of 2nd period - Deflect By Valtteri Filppula.
15:58 of 2nd period - Shot Blocked by Luke Schenn.
15:58 of 2nd period - Puck is out of play.
15:59 of 2nd period - Marcus Johansson wins face-off versus Tomas Plekanec in Wild zone.
15:59 of 2nd period - Marcus Johansson is hit by Dan Boyle.
16:31 of 2nd period - Snap shot by Radim Vrbata.
16:31 of 2nd period - Goal by Radim Vrbata - Predators : 5 - Wild : 1.
16:32 of 2nd period - Derek Stepan wins face-off versus Patrice Bergeron in neutral zone.
16:37 of 2nd period - Slapshot by Derek Stepan.
16:37 of 2nd period - Shot Misses the Net.
16:39 of 2nd period - Snap shot by Derek Stepan.
16:39 of 2nd period - Stopped by Jimmy Howard with a rebound.
16:41 of 2nd period - Backhand shot by Cody Franson.
16:41 of 2nd period - Stopped by Jimmy Howard with a rebound.
17:33 of 2nd period - Roman Josi is hit by Jordan Eberle and loses puck.
18:08 of 2nd period - Minor Penalty to Tuomo Ruutu for Slashing.
18:09 of 2nd period - Cody McCormick wins face-off versus Evander Kane in Wild zone.
18:24 of 2nd period - Snap shot by Radim Vrbata.
18:24 of 2nd period - Shot Misses the Net.
18:26 of 2nd period - Wrist shot by Evander Kane.
18:26 of 2nd period - Shot Misses the Net.
18:28 of 2nd period - Slapshot by Evander Kane.
18:28 of 2nd period - Shot Misses the Net.
18:30 of 2nd period - Slapshot by Roman Josi.
18:30 of 2nd period - Goal by Roman Josi - Predators : 6 - Wild : 1.
18:31 of 2nd period - Tomas Plekanec wins face-off versus Marcus Johansson in neutral zone.
18:54 of 2nd period - Snap shot by Chris Kunitz.
18:54 of 2nd period - Stopped by Jimmy Howard without a rebound.
18:55 of 2nd period - Patrice Bergeron wins face-off versus Derek Stepan in Predators zone.
19:28 of 2nd period - Slapshot by Patrice Bergeron.
19:28 of 2nd period - Stopped by Ryan Miller without a rebound.
19:29 of 2nd period - Valtteri Filppula wins face-off versus Marcus Johansson in Wild zone.
19:30 of 2nd period - Wrist shot by Radim Vrbata.
19:30 of 2nd period - Shot Blocked by Cody Franson.
19:32 of 2nd period - Snap shot by Evander Kane.
19:32 of 2nd period - Goal by Evander Kane - Predators : 7 - Wild : 1.
19:33 of 2nd period - Valtteri Filppula wins face-off versus Marcus Johansson in neutral zone.
19:38 of 2nd period - Wrist shot by Evander Kane.
19:38 of 2nd period - Shot Blocked by Cody Franson.
19:46 of 2nd period - Wrist shot by Valtteri Filppula.
19:46 of 2nd period - Shot Blocked by Chris Kunitz.
19:48 of 2nd period - Slapshot by Radim Vrbata.
19:48 of 2nd period - Shot Misses the Net.
19:50 of 2nd period - Snap shot by Evander Kane.
19:50 of 2nd period - Stopped by Ryan Miller without a rebound.
19:51 of 2nd period - Evander Kane wins face-off versus Marcus Johansson in Wild zone.
19:54 of 2nd period - Wrist shot by Radim Vrbata.
19:54 of 2nd period - Deflect By Chris Kunitz.
19:54 of 2nd period - Stopped by Ryan Miller without a rebound.
19:55 of 2nd period - Derek Stepan wins face-off versus Tomas Plekanec in Wild zone.
Goals for this period are 5 for Predators vs 1 for Wild.
Shots for this period are 13 for Predators vs 9 for Wild.

3rd period


0:01 of 3rd period - Marcus Johansson wins face-off versus Valtteri Filppula in neutral zone.
0:26 of 3rd period - Slapshot by Valtteri Filppula.
0:26 of 3rd period - Stopped by Ryan Miller without a rebound.
0:27 of 3rd period - Derek Stepan wins face-off versus Tomas Plekanec in Wild zone.
0:38 of 3rd period - Dennis Seidenberg is hit by Brad Marchand and loses puck.
0:49 of 3rd period - Derek Stepan is hit by Tomas Hertl and loses puck.
1:20 of 3rd period - Mark Streit is hit by Patrice Bergeron and loses puck.
1:35 of 3rd period - Roman Josi is hit by Jordan Eberle.
1:43 of 3rd period - Snap shot by Patrice Bergeron.
1:43 of 3rd period - Shot Misses the Net.
1:45 of 3rd period - Snap shot by Andrew Cogliano.
1:45 of 3rd period - Shot Blocked by Patrik Elias.
2:03 of 3rd period - Wrist shot by Radim Vrbata.
2:03 of 3rd period - Shot Misses the Net.
2:05 of 3rd period - Snap shot by Evander Kane.
2:05 of 3rd period - Shot Misses the Net.
2:07 of 3rd period - Snap shot by Evander Kane.
2:07 of 3rd period - Stopped by Ryan Miller with a rebound.
2:23 of 3rd period - Wrist shot by Evander Kane.
2:23 of 3rd period - Shot Misses the Net.
2:25 of 3rd period - Slapshot by Nick Schultz.
2:25 of 3rd period - Shot Blocked by Patrik Elias.
2:37 of 3rd period - Bryce Salvador is hit by Patrick Maroon and loses puck.
3:41 of 3rd period - Wrist shot by Cody Eakin.
3:41 of 3rd period - Shot Misses the Net.
3:43 of 3rd period - Slapshot by Dennis Seidenberg.
3:43 of 3rd period - Stopped by Ryan Miller without a rebound.
3:44 of 3rd period - Patrice Bergeron wins face-off versus Marcus Johansson in Wild zone.
3:45 of 3rd period - Wrist shot by Andrew Cogliano.
3:45 of 3rd period - Shot Misses the Net.
3:47 of 3rd period - Slapshot by Dylan Olsen.
3:47 of 3rd period - Stopped by Ryan Miller with a rebound.
3:49 of 3rd period - Slapshot by Trevor Daley.
3:49 of 3rd period - Shot Misses the Net.
3:51 of 3rd period - Slapshot by Dylan Olsen.
3:51 of 3rd period - Stopped by Ryan Miller with a rebound.
4:13 of 3rd period - Minor Penalty to Cody McCormick for Hooking.
4:14 of 3rd period - Tomas Plekanec wins face-off versus Marcus Johansson in Wild zone.
4:15 of 3rd period - Slapshot by Radim Vrbata.
4:15 of 3rd period - Shot Misses the Net.
4:17 of 3rd period - Slapshot by Roman Josi.
4:17 of 3rd period - Shot Misses the Net.
4:19 of 3rd period - Snap shot by Tomas Plekanec.
4:19 of 3rd period - Shot Blocked by Cody Franson.
5:40 of 3rd period - Cody Franson is hit by Radim Vrbata and loses puck.
5:59 of 3rd period - Luke Schenn is hit by Dennis Seidenberg and loses puck.
6:13 of 3rd period - Penalty to Cody McCormick is over, Cody McCormick is back on ice.
6:22 of 3rd period - Cal Clutterbuck is hit by Cody McCormick and loses puck.
7:00 of 3rd period - Snap shot by Brad Marchand.
7:00 of 3rd period - Stopped by Jimmy Howard without a rebound.
7:01 of 3rd period - Derek Stepan wins face-off versus Patrice Bergeron in Predators zone.
7:20 of 3rd period - Minor Penalty to Roman Josi for Tripping.
7:21 of 3rd period - Cody Eakin wins face-off versus Marcus Johansson in Predators zone.
7:59 of 3rd period - Snap shot by Brad Marchand.
7:59 of 3rd period - Shot Misses the Net.
8:01 of 3rd period - Slapshot by Cody Franson.
8:01 of 3rd period - Shot Blocked by Andrew Cogliano.
8:03 of 3rd period - Snap shot by Brad Marchand.
8:03 of 3rd period - Stopped by Jimmy Howard with a rebound.
8:05 of 3rd period - Slapshot by Cody Franson.
8:05 of 3rd period - Shot Misses the Net.
8:07 of 3rd period - Slapshot by Cody Franson.
8:07 of 3rd period - Shot Misses the Net.
8:09 of 3rd period - Snap shot by Patrik Elias.
8:09 of 3rd period - Stopped by Jimmy Howard without a rebound.
8:10 of 3rd period - Patrik Elias wins face-off versus Tomas Plekanec in Predators zone.
8:19 of 3rd period - Andrew Cogliano is hit by Chris Kunitz and loses puck.
8:26 of 3rd period - Slapshot by Chris Kunitz.
8:26 of 3rd period - Stopped by Jimmy Howard without a rebound.
8:27 of 3rd period - Marcus Johansson wins face-off versus Cody Eakin in Predators zone.
8:30 of 3rd period - Wrist shot by Marcus Johansson.
8:30 of 3rd period - Stopped by Jimmy Howard with a rebound.
8:32 of 3rd period - Snap shot by Jonathan Ericsson.
8:32 of 3rd period - Shot Misses the Net.
8:48 of 3rd period - Slapshot by Brad Marchand.
8:48 of 3rd period - Deflect By Patrik Elias.
8:48 of 3rd period - Deflect By Trevor Daley.
8:48 of 3rd period - Shot Misses the Net.
8:48 of 3rd period - Puck is out of play.
8:49 of 3rd period - Tomas Plekanec wins face-off versus Patrik Elias in Predators zone.
9:20 of 3rd period - Penalty to Roman Josi is over, Roman Josi is back on ice.
9:37 of 3rd period - Snap shot by Cody Eakin.
9:37 of 3rd period - Stopped by Ryan Miller without a rebound.
9:38 of 3rd period - Max Talbot wins face-off versus Valtteri Filppula in Wild zone.
9:43 of 3rd period - Snap shot by Tuomo Ruutu.
9:43 of 3rd period - Stopped by Jimmy Howard without a rebound.
9:44 of 3rd period - Valtteri Filppula wins face-off versus Max Talbot in Predators zone.
10:04 of 3rd period - Snap shot by Dale Weise.
10:04 of 3rd period - Shot Blocked by Dennis Seidenberg.
10:06 of 3rd period - Wrist shot by Max Talbot.
10:06 of 3rd period - Shot Blocked by Valtteri Filppula.
10:08 of 3rd period - Slapshot by Marek Zidlicky.
10:08 of 3rd period - Deflect By Dan Boyle.
10:08 of 3rd period - Stopped by Jimmy Howard with a rebound.
10:10 of 3rd period - Snap shot by Tuomo Ruutu.
10:10 of 3rd period - Shot Blocked by Valtteri Filppula.
10:12 of 3rd period - Wrist shot by Dale Weise.
10:12 of 3rd period - Shot Blocked by Dan Boyle.
10:16 of 3rd period - Snap shot by Marek Zidlicky.
10:16 of 3rd period - Shot Blocked by Dennis Seidenberg.
10:18 of 3rd period - Snap shot by Dale Weise.
10:18 of 3rd period - Shot Misses the Net.
11:38 of 3rd period - Cody McCormick is hit by Trevor Daley and loses puck.
11:45 of 3rd period - Snap shot by Tomas Hertl.
11:45 of 3rd period - Stopped by Ryan Miller with a rebound.
11:47 of 3rd period - Snap shot by Roman Josi.
11:47 of 3rd period - Deflect By Bryce Salvador.
11:47 of 3rd period - Stopped by Ryan Miller with a rebound.
12:43 of 3rd period - Slapshot by Patrice Bergeron.
12:43 of 3rd period - Shot Blocked by Cody Franson.
12:52 of 3rd period - Andrew Cogliano is hit by Max Talbot.
13:03 of 3rd period - Snap shot by Max Talbot.
13:03 of 3rd period - Stopped by Jimmy Howard with a rebound.
14:02 of 3rd period - Chris Kunitz is hit by Valtteri Filppula and loses puck.
14:19 of 3rd period - Snap shot by Tomas Plekanec.
14:19 of 3rd period - Stopped by Ryan Miller with a rebound.
14:45 of 3rd period - Minor Penalty to Jonathan Ericsson for Hooking.
14:46 of 3rd period - Cody McCormick wins face-off versus Tomas Plekanec in Wild zone.
15:51 of 3rd period - Wrist shot by Brad Marchand.
15:51 of 3rd period - Shot Blocked by Trevor Daley.
15:53 of 3rd period - Snap shot by Brad Marchand.
15:53 of 3rd period - Stopped by Jimmy Howard with a rebound.
16:45 of 3rd period - Penalty to Jonathan Ericsson is over, Jonathan Ericsson is back on ice.
16:46 of 3rd period - Wrist shot by Patrick Maroon.
16:46 of 3rd period - Shot Misses the Net.
16:50 of 3rd period - Wrist shot by Patrice Bergeron.
16:50 of 3rd period - Shot Blocked by Luke Schenn.
16:52 of 3rd period - Slapshot by Dennis Seidenberg.
16:52 of 3rd period - Stopped by Ryan Miller without a rebound.
16:53 of 3rd period - Patrik Elias wins face-off versus Patrice Bergeron in Wild zone.
16:58 of 3rd period - Snap shot by Jordan Eberle.
16:58 of 3rd period - Shot Blocked by Trevor Daley.
17:06 of 3rd period - Snap shot by Jordan Eberle.
17:06 of 3rd period - Shot Misses the Net.
17:43 of 3rd period - Slapshot by Bryce Salvador.
17:43 of 3rd period - Stopped by Jimmy Howard with a rebound.
17:45 of 3rd period - Slapshot by Marek Zidlicky.
17:45 of 3rd period - Stopped by Jimmy Howard with a rebound.
17:47 of 3rd period - Wrist shot by Brad Marchand.
17:47 of 3rd period - Stopped by Jimmy Howard without a rebound.
17:48 of 3rd period - Derek Stepan wins face-off versus Patrice Bergeron in Predators zone.
18:04 of 3rd period - Snap shot by Jonathan Ericsson.
18:04 of 3rd period - Deflect By Trevor Daley.
18:04 of 3rd period - Stopped by Jimmy Howard with a rebound.
18:08 of 3rd period - Snap shot by Derek Stepan.
18:08 of 3rd period - Shot Blocked by Trevor Daley.
18:49 of 3rd period - Snap shot by Roman Josi.
18:49 of 3rd period - Stopped by Ryan Miller with a rebound.
18:55 of 3rd period - Slapshot by Cal Clutterbuck.
18:55 of 3rd period - Shot Misses the Net.
19:24 of 3rd period - Minor Penalty to Patrick Maroon for Hooking.
19:25 of 3rd period - Cody Eakin wins face-off versus Marcus Johansson in Predators zone.
19:25 of 3rd period - Cody Eakin is hit by Cody McCormick.
19:35 of 3rd period - Minor Penalty to Chris Kunitz for Hooking.
19:36 of 3rd period - Patrice Bergeron wins face-off versus Cody McCormick in Wild zone.
Goals for this period are 0 for Predators vs 0 for Wild.
Shots for this period are 11 for Predators vs 13 for Wild.